Map: Data-C

Players

Harstem - Winner!

  • Race: Protoss Protoss
  • League: Master
  • Spawn Location: 9:00

PappiJoe

  • Race: Protoss Protoss
  • Spawn Location: 3:00

Event: HomeStory Cup XXII

VOD

Have the link to the VOD?

Description

Time

  • Played on: Dec. 15, 2022, 10:10 a.m.
  • Length: 4:01

All games in this series

Show
View Real Time Build Order
Export as new Build Order

Harstem Protoss - Winner!

Build Orders:  

Get SALT Encoding   

  12  0:00  Probe  
  13  0:12  Probe  
  14  0:18  Pylon  
  14  0:24  Probe (Chrono Boost)  
  15  0:37  Probe (Chrono Boost)  
  15  0:38  Gateway  
  16  0:44  Probe (Chrono Boost)  
  16  0:48  Assimilator  
  17  0:51  Probe  
  17  0:56  Assimilator  
  18  1:03  Probe (Chrono Boost)  
  19  1:08  Gateway  
  19  1:15  Probe (Chrono Boost)  
  20  1:21  Probe (Chrono Boost)  
  20  1:25  Cybernetics Core  
  21  1:30  Probe  
  22  1:37  Pylon  
  22  1:42  Probe  
  23  2:01  Warp Gate (Chrono Boost)  
  24  2:02  Stalker x2  
  27  2:14  Pylon  
  27  2:32  Stalker x2  
  27  2:34  Robotics Facility  
  31  2:57  Pylon  
  31  3:02  Stalker x2  
  35  3:10  Shield Battery  
  34  3:23  Immortal (Chrono Boost)  
  38  3:47  Stalker x2  
Show
View Real Time Build Order
Export as new Build Order

PappiJoe Protoss 

Build Orders:  

Get SALT Encoding   

  12  0:00  Probe  
  13  0:12  Probe  
  14  0:18  Pylon  
  14  0:24  Probe  
  15  0:37  Probe  
  15  0:39  Gateway  
  16  0:47  Pylon  
  16  0:55  Probe  
  17  0:58  Pylon  
  17  1:17  Gateway  
  17  1:24  Probe  
  18  1:26  Assimilator  
  18  1:37  Probe  
  18  1:39  Cybernetics Core  
  19  1:46  Assimilator  
  19  1:49  Probe  
  20  1:58  Gateway  
  20  2:01  Probe  
  21  2:13  Probe  
  22  2:20  Stalker  
  24  2:23  Shield Battery  
  24  2:27  Probe  
  25  2:31  Pylon  
  25  2:50  Robotics Facility, Pylon  
  25  2:52  Gateway  
  25  2:59  Stalker  
  27  3:15  Shield Battery  
  27  3:54  Pylon  
  27  3:55  Pylon  
  27  3:57  Pylon  
  27  3:58  Pylon  
Tags
 
League
Master
Matchup
PvP
Replay Pack
hsc22
Spawn Locations
Cross Positions
Add a new tag
Caveats
  • Supply blocks, unpowered buildings, or Contaminate may cause inaccurate times.
  • Supply counts are checked every 10 seconds.